Unix NetHack Version 3.7.0-66 Work-in-progress - last build Nov 25 2022 02:21:47 (a67c8fbd212c6e9cfe3af09653023564b5ba1bad,branch:master). Game began 2022-11-27 13:21:23, ended 2022-11-27 23:44:02. Buffalo, neutral male human Tourist ----- ------- |...------ --|....%| |........| |.-.....| |%.......| |-|....C|-- -------.---- |.-..%%**.| |.....%.`.-- |-|.....|.| |..........| |(-..*f.|.| |..........| --|..B..|)| -----.-------- ------|.| |.........%..| |)| |..[*........| |.| --------.----| |.| |.......[...| |.| |...........| |.| -------.------ |%| |.......----------------.| |>............[..........| -------------------------- Buffalo the Excursionist St:15 Dx:12 Co:18 In:12 Wi:9 Ch:18 Neutral S:28150 Dlvl:4 $:1719 HP:76(94) Pw:32(32) AC:-12 Xp:9/4048 T:9555 Satiated Latest messages: Some text has been burned into the floor here. You read: "Elbereth". The scroll turns to dust as you pick it up. Call a scroll labeled LEP GEX VEN ZEA: scare monster You hit the fog cloud! You miss the fog cloud. You miss the fog cloud. You destroy the fog cloud! You see here 10 rocks. You see here a giant mimic corpse. What do you want to zap? [bcgrsxBHR or ?*] ? In what direction? l The statue shatters. The statue shatters. The statue shatters. The statue shatters. The statue shatters. The statue shatters. What do you want to name? [a-zA-EH-LPRT-VYZ or ?*] s What do you want to name this wand of striking? -1 There are several objects here. Really save? [yn] (n) y Saving... Restoring save file... Aloha Buffalo, the human Tourist, welcome back to NetHack! Really quit? [yn] (n) y Do you want your possessions identified? [ynq] (y) q Inventory: Coins $ - 1719 gold pieces Weapons m - 10 +2 darts (at the ready) o - 3 +3 daggers named +3? a - a blessed greased +3 short sword named +3 (weapon in hand) Armor u - an uncursed +5 elven leather helm (being worn) I - an uncursed +0 pair of leather gloves (being worn) T - an uncursed +1 pair of low boots (being worn) K - an uncursed +0 small shield (being worn) p - an uncursed +0 mummy wrapping L - an uncursed -1 robe (being worn) j - an uncursed +0 Hawaiian shirt with a ukulele motif (being worn) e - an uncursed +0 elven mithril-coat (being worn) Comestibles d - an uncursed slime mold Z - 2 uncursed lembas wafers v - an uncursed sprig of wolfsbane f - 3 uncursed eggs i - an uncursed cockatrice corpse Scrolls E - an uncursed scroll of scare monster n - an uncursed scroll of teleportation Potions C - an uncursed potion of fruit juice t - an uncursed potion of oil Rings D - an uncursed ring of conflict y - a cursed -1 ring of gain strength w - an uncursed ring of levitation z - a cursed ring of regeneration A - an uncursed ring of slow digestion Y - an uncursed ring of slow digestion Wands b - a wand of digging named -3 (0:4) H - a wand of fire (0:7) r - a wand of fire named -3 (0:3) B - a cursed wand of light (0:14) R - a wand of magic missile named -2 (0:4) x - a wand of sleep (0:6) c - a wand of slow monster (0:6) s - a blessed wand of striking named -1 (0:4) g - a wand of undead turning named -0 (0:4) Tools h - a blessed greased bag of holding containing 51 items q - a can of grease (0:21) l - an expensive camera (0:31) V - an uncursed leash k - an uncursed lock pick P - an uncursed towel U - a blessed +0 unicorn horn named pR slR Gems/Stones J - an uncursed sapphire Contents of the bag of holding: 10124 gold pieces a cursed amulet of change an uncursed +1 pair of elven boots an uncursed +0 elven shield 2 uncursed food rations 2 uncursed food rations an uncursed tripe ration an uncursed egg an uncursed scroll of fire an uncursed scroll of blank paper an uncursed scroll of blank paper a blessed scroll of amnesia an uncursed scroll of amnesia an uncursed scroll of charging a blessed scroll of remove curse 2 uncursed scrolls of remove curse an uncursed scroll of enchant armor 2 uncursed scrolls of earth 2 uncursed scrolls of magic mapping 4 uncursed scrolls of teleportation 2 cursed scrolls of teleportation an uncursed potion of restore ability 2 uncursed potions of booze 2 uncursed potions of blindness an uncursed potion of object detection 2 cursed potions of object detection an uncursed potion of polymorph a cursed potion of full healing a blessed potion of levitation a blessed potion of gain ability an uncursed potion of gain level 3 uncursed potions of healing a potion of holy water a blessed potion of extra healing 2 uncursed potions of extra healing an uncursed potion of fruit juice an uncursed potion of invisibility an uncursed potion of invisibility an uncursed potion of oil an uncursed potion of paralysis a blessed potion of paralysis a wand of secret door detection (0:11) a wand of create monster named -1 (0:11) a wand of light named -6 (0:6) a wand of make invisible named -2 (0:3) a cursed wand of make invisible (0:6) a wand of polymorph named -4 (0:3) a cursed wand of polymorph named -0,cursed (0:5) a wand of polymorph named -0 (0:5) a wand of slow monster named -1 (0:4) an uncursed oil lamp Buffalo the Tourist's attributes: Background: You were an Excursionist, a level 9 male human Tourist. You were neutral, on a mission for The Lady who was opposed by Blind Io (lawful) and Offler (chaotic). You were in Sokoban, on level 4. You entered the dungeon 9555 turns ago. It was nighttime. You had 4048 experience points, 1072 more were needed to attain level 10. Your score was 28150 before end-of-game adjustments. Basics: You had 76 out of 94 hit points. You had all 32 energy points (spell power). Your armor class was -12. Your wallet contained 1719 zorkmids, and you had 10124 more stashed away in your pack. Autopickup was off. Final Characteristics: Your strength was 15 (limit:18/100). Your dexterity was 12 (limit:18). Your constitution was 18 (limit:18). Your intelligence was 12 (limit:18). Your wisdom was 9 (limit:18). Your charisma was 18 (limit:18). Final Status: You were satiated. You were unencumbered. You were wielding a short sword. You were skilled in short sword and could have enhanced that. Final Attributes: You were piously aligned. You were sleep resistant. You were poison resistant. You were telepathic. You were invisible. You could teleport. You had a moderate defense bonus (+6). You were guarded. You were fast. You survived. Miscellaneous: You never encountered a bones level. Total elapsed playing time was 2 hours, 5 minutes and 40 seconds. Major events: Turn 1: Buffalo the neutral male human Tourist entered the dungeon 1314: entered the Gnomish Mines 1444: attained the rank of Sightseer (level 3) 2382: reached Mine Town 3647: attained the rank of Excursionist (level 6) 7173: entered Sokoban 7522: completed 1st Sokoban level 7975: completed 2nd Sokoban level 8346: completed 3rd Sokoban level 9311: completed 4th Sokoban level 9555: quit Vanquished creatures: 4 shopkeepers an aligned cleric a watch captain 2 giant mimics an air elemental a giant mummy a black naga a warg 4 small mimics an ettin mummy 2 quantum mechanics a troll a pyrolisk a large dog a flaming sphere 2 tengu an elf mummy 2 human mummies an ettin zombie 4 watchmen an amorous demon a giant beetle 2 cockatrices a gremlin 2 leprechauns an iron piercer a giant spider a black light 2 forest centaurs an orc mummy a dwarf mummy 2 brown puddings a gold golem a lizard a dingo 3 dwarf leaders a blue jelly a gray unicorn 2 dust vortices a raven 2 gnome mummies a snake 2 human zombies 4 Woodland-elves a soldier ant a fire ant 2 quasits a wood nymph 2 mountain nymphs 3 Mordor orcs an orc shaman 3 rock moles a pony a fog cloud 2 yellow lights a shrieker a violet fungus 5 gnome leaders 2 gnomish wizards a gray ooze a ghoul a paper golem a giant ant a little dog 4 floating eyes 7 dwarves a kobold leader a kobold shaman 4 rothes 3 rabid rats 3 centipedes a giant bat 3 monkeys an orc zombie a dwarf zombie a wererat 2 iguanas 9 killer bees 3 acid blobs 4 gas spores 5 hobbits a large kobold 2 hobgoblins 3 giant rats 8 cave spiders 3 green molds 35 gnomes 3 garter snakes a gnome zombie 8 geckos 9 jackals a fox a kobold 5 goblins 3 grid bugs a bat 8 lichens 2 kobold zombies 4 newts 252 creatures vanquished. No species were genocided or became extinct. Voluntary challenges: You read items or engraved 11 times. You never engraved Elbereth. You never genocided any monsters. You never polymorphed an object. You never changed form. You used no wishes. You violated the special Sokoban rules once. Achievements: You entered a shop. You entered the Gnomish Mines. You attained the rank of Sightseer. You entered Minetown. You entered a temple. You attained the rank of Excursionist. You entered Sokoban. The Dungeons of Doom: levels 1 to 9 Level 1: Some sinks. Level 2: An untended shop, a sink. Level 3: An untended shop, an altar to The Lady, a sink. Stairs down to The Gnomish Mines. Level 4: Some fountains. Level 5: A general store, a fountain. Level 6: Level 7: Many fountains. Oracle of Delphi. Level 8: A fountain, a sink. Stairs up to Sokoban, level 7. Level 9: The Gnomish Mines: levels 4 to 8 Level 4: Level 5: Level 6: Level 7: Many shops, a temple, some fountains, a sink. Level 8: Sokoban: levels 7 up to 4 Level 4: <- You were here. Solved. Level 5: Solved. Level 6: Solved. Level 7: Solved. Aloha Buffalo the Tourist... You quit in Sokoban on dungeon level 4 with 28150 points, and 11843 pieces of gold, after 9555 moves. You were level 9 with a maximum of 94 hit points when you quit.